 Dungeon Crawl Stone Soup version 0.18.1-5-g4a78601 (webtiles) character file.

49 Guinours the Insei (level 3, 0/28 HPs)
             Began as a Draconian Transmuter on May 11, 2016.
             Succumbed to an adder's poison
             ... on level 2 of the Dungeon.
             The game lasted 00:11:43 (1093 turns).

Guinours the Insei (Draconian Transmuter)           Turns: 1093, Time: 00:11:43

Health: 0/28       AC:  5    Str: 10    XL:     3   Next: 53%
Magic:  6/6        EV: 18    Int: 13    God:
Gold:   77         SH:  0    Dex: 17    Spells: 2 memorised, 3 levels left

rFire  . . .     SeeInvis .       - Unarmed
rCold  . . .     Gourm    .     (armour unavailable)
rNeg   . . .     Faith    .     (no shield)
rPois  .         Spirit   .     (helmet restricted)
rElec  .         Dismiss  .     (no cloak)
rCorr  .         Reflect  .     (no gloves)
SustAt .         Harm     .     (no boots)
MR     .....                    (no amulet)
Stlth  +++.......               (no ring)
                                (no ring)

@: agile, lethally poisoned (0 -> -1), not resistant to hostile enchantments,
fairly stealthy
A: unfitting armour, weak 1, cold-blooded, AC +5
a: no special abilities


You were on level 2 of the Dungeon.
You were not hungry.

You visited 1 branch of the dungeon, and saw 2 of its levels.

You collected 77 gold pieces.

Inventory:

Missiles
 a - 22 arrows
Armour
 j - a +0 robe
Scrolls
 g - 3 scrolls of blinking {unknown}
 h - 3 scrolls of identify {unknown}
 l - a scroll of remove curse {unknown}
 m - a scroll of teleportation {unknown}
Potions
 d - a potion of haste {unknown}
 i - a potion of agility
 k - 2 potions of flight {unknown}
 n - a potion of heal wounds {unknown}
 o - a potion of cancellation {unknown}
Books
 b - a book of Changes

   Spells                             Type                      Level
   a - Beastly Appendage              Transmutation                1
   b - Sticks to Snakes               Transmutation                2
   c - Spider Form                    Transmutation/Poison         3
   d - Ice Form                       Ice/Transmutation            4
   e - Blade Hands                    Transmutation                5
Comestibles
 c - 2 bread rations
 f - 3 chunks of flesh


   Skills:
 + Level 1.4 Fighting
 + Level 2.0 Dodging
 + Level 0.2 Stealth
 + Level 3.6 Unarmed Combat
 + Level 2.4 Spellcasting
 + Level 2.4 Transmutations


You had 3 spell levels left.
You knew the following spells:

 Your Spells              Type           Power        Failure   Level  Hunger
a - Beastly Appendage     Trmt           #.....       10%         1    #......
b - Sticks to Snakes      Trmt           #.......     14%         2    ###....


Dungeon Overview and Level Annotations

Branches:
Dungeon (2/15)

Altars:


Innate Abilities, Weirdness & Mutations

Your plain brown scales are hard (AC +5).
Your body does not fit into most forms of armour.
You are cold-blooded and may be slowed by cold attacks.
You are weak. (Str -2)


Message History

* * * LOW HITPOINT WARNING * * *
You barely miss the hobgoblin. Your kick misses the hobgoblin.
The hobgoblin is almost dead.
You hit the hobgoblin but do no damage.
The hobgoblin is almost dead.
The hobgoblin hits you with a club.
* * * LOW HITPOINT WARNING * * *
You are feeling hungry.
You hit the hobgoblin.
You kill the hobgoblin!
This raw flesh tastes terrible.
* * * LOW HITPOINT WARNING * * *
You feel sick.
You continue eating. x2
There is a lethal amount of poison in your body!
It was a potion of mutation.
You feel extremely strange.
You feel yourself wasting away.
You feel weaker.
You feel healthier.
It was a potion of agility.
You feel agile all of a sudden.
Your talons disappear.
You die...

#...# #...# #...#
#### ##...### #.
..# #.>....# ..
#.# #.####.# #K
###.###.####.#####
#.
#.......##........
#.
#@#.###.##.#.###..
#.##)#.#
#.##.#.###
#......#
#........#
##...###
#....#.#.# #.###
###.##.#.. #.#
#..>.# ## #.#
.....# #.# .....
#.# .......


There were no monsters in sight!

Vanquished Creatures
  An adder (D:2)
  2 giant geckos (D:1)
  2 bats (D:1)
  10 goblins
  5 hobgoblins
  2 jackals (D:1)
  5 kobolds
  3 giant newts (D:1)
  2 rats (D:1)
32 creatures vanquished.

Vanquished Creatures (collateral kills)
  A goblin (D:1)
1 creature vanquished.

Grand Total: 33 creatures vanquished

Notes
Turn   | Place    | Note
--------------------------------------------------------------
     0 | D:1      | Guinours the Draconian Transmuter began the quest for the Orb.
     0 | D:1      | Reached XP level 1. HP: 16/16 MP: 3/3
   120 | D:1      | Reached XP level 2. HP: 8/23 MP: 1/5
   595 | D:1      | Learned a level 2 spell: Sticks to Snakes
   788 | D:1      | Reached XP level 3. HP: 28/28 MP: 4/6
  1089 | D:2      | HP: 1/28 [poisoned by an adder]
  1092 | D:2      | Gained mutation: Your body sometimes deteriorates upon taking damage. [potion of mutation]
  1092 | D:2      | Gained mutation: You are weak. (Str -2) [potion of mutation]
  1092 | D:2      | Lost mutation: Your body sometimes deteriorates upon taking damage. [potion of mutation]
  1093 | D:2      | Succumbed to an adder's poison

Skill      XL: |  1  2 |
---------------+-------+-----
Dodging        | 2 |  2.0
Fighting       | |  1.4
Stealth        | |  0.2
Unarmed Combat | |  3.6
Spellcasting   | |  2.4
Transmutations | |  2.4

Action                   || total
-------------------------++-------
Melee: Unarmed           ||   119
       Kick              ||     9
       Tailslap          ||    10
       Headbutt          ||     5
 Cast: Beastly Appendage ||    23
       Sticks to Snakes  ||     1
  Use: Potion            ||     2
  Eat: Chunk             ||     2
Armor: Skin              ||    26
Dodge: Dodged            ||    76
